 Dungeon Crawl Stone Soup version 0.25-a0-668-gea548f19b6 (webtiles) character file.

Game seed: 12642840391239734657, levelgen mode: deterministic

14 xuu the Charmwright (level 2, -2/25 HPs)
             Began as a Ghoul Skald on Mar 28, 2020.
             Slain by a kobold (3 damage)
             ... on level 1 of the Dungeon.
             The game lasted 00:03:39 (66 turns).

xuu the Charmwright (Ghoul Skald)                     Turns: 66, Time: 00:03:40

Health: -2/25      AC:  3    Str: 14    XL:     2   Next: 41%
Magic:  3/3        EV: 11    Int:  8    God:
Gold:   0          SH:  0    Dex:  8    Spells: 3/4 levels left

rFire    . . .     SeeInvis .     - Unarmed
rCold    + . .     Gourm    .   (no shield)
rNeg     + + +     Faith    .   a - +0 leather armour
rPois    ∞         Spirit   .   (no helmet)
rElec    .         Reflect  .   (no cloak)
rCorr    .         Harm     .   (no gloves)
MR       .....                  (no boots)
Stlth    +.........             (no amulet)
HPRegen  0.00/turn              (no ring)
MPRegen  0.08/turn              (no ring)

@: rotting
A: rotting body, claws 1, carnivore, cold resistance 1, negative energy
resistance 3, inhibited regeneration, torment resistance, unbreathing
a: no special abilities


You were on level 1 of the Dungeon.
You were not hungry.

You visited 1 branch of the dungeon, and saw 1 of its levels.

Inventory:

Armour
 a - a +0 leather armour (worn)
Potions
 b - a potion of berserk rage {unknown}
Comestibles
 c - a ration


   Skills:
 + Level 2.4 Fighting
 + Level 0.8 Armour
 + Level 2.0 Dodging
 + Level 2.3 Unarmed Combat
 + Level 1.9 Spellcasting
 + Level 2.9 Charms


You had 3 spell levels left.
You knew the following spells:

 Your Spells              Type           Power        Failure   Level  Hunger
a - Infusion              Chrm           #...         13%         1    ##.....

Your spell library contained the following spells:

 Spells                   Type           Power        Failure   Level  Hunger
 Song of Slaying          Chrm           #.......     21%         2    ###....
 Shroud of Golubria       Chrm/Tloc      #.....       36%         2    ###....
 Ozocubu's Armour         Chrm/Ice       #.......     58%         3    ####...
 Spectral Weapon          Hex/Chrm       #.......     58%         3    ####...


Dungeon Overview and Level Annotations

Branches:
Dungeon (1/15)

Altars:


Innate Abilities, Weirdness & Mutations

Your body is rotting away.
You thrive on raw meat.
You are immune to poison.
You have sharp fingernails.
You are carnivorous and can eat meat at any time.
Your flesh is cold resistant. (rC+)
You are immune to negative energy. (rN+++)
You do not regenerate when monsters are visible.
You are immune to unholy pain and torment.
You can survive without breathing.


Message History

You see here a +0 club.
You scratch the dart slug.
The dart slug is heavily wounded.
A hobgoblin comes into view.
You scratch the dart slug.
You kill the dart slug!
A rat comes into view.
The kobold barely misses you. The kobold hits you.
* * * LOW HITPOINT WARNING * * *
The hobgoblin misses you.
You closely miss the hobgoblin. The kobold closely misses you.
The hobgoblin hits you.
* * * LOW HITPOINT WARNING * * *
You scratch the hobgoblin.
You kill the hobgoblin!
The kobold barely misses you.
You scratch the kobold but do no damage.
The kobold hits you.
You die...

# ..# ... # ..# ...#.##
#############.###.......
...........##.#.......#
#..........#..........#
#..........#.....>....#
#...†......#)........#
#............)...r...#
#............†..@....#
#........).†...K.....#
########..†..........#
##........##.....
#...............
#......###......
#...##...# ......
...######..# ....# ....
.... ...


You could see a kobold and a rat.

Vanquished Creatures
  2 dart slugs (D:1)
  A leopard gecko (D:1)
  2 goblins (D:1)
  A hobgoblin (D:1)
  A kobold (D:1)
  2 rats (D:1)
9 creatures vanquished.

Vanquished Creatures (others)
  A goblin (D:1)
1 creature vanquished.

Grand Total: 10 creatures vanquished

Notes
Turn   | Place    | Note
-------+----------+-------------------------------------------
     0 | D:1      | xuu the Ghoul Skald began the quest for the Orb.
     0 | D:1      | Reached XP level 1. HP: 17/17 MP: 2/2
    42 | D:1      | Reached XP level 2. HP: 14/25 MP: 3/3
    64 | D:1      | HP: 1/25 [hobgoblin (2)]
    66 | D:1      | Slain by a kobold

Levels and vault maps discovered:
D:1:      kennysheep_arrival_forest, layout_rooms

Skill      XL: |  1 |
---------------+----+-----
Dodging        | 2 |  2.0
Fighting       | |  2.4
Armour         | |  0.8
Unarmed Combat | |  2.3
Spellcasting   | |  1.9
Charms         | |  2.9

Action                   || total
-------------------------++-------
Melee: Unarmed           ||    22
Armor: Leather armour    ||     1
Dodge: Dodged            ||     9

Table legend:
 A = Non-vault XP
 B = Vault XP
 C = Vault XP percentage of total XP
 D = Non-vault monster count
 E = Vault monster count
 F = Vault count percentage of total count
                 A         B        C        D         E       F
            +---------+---------+-------+---------+---------+-------
      Total |      20 |       0 |   0.0 |       9 |       0 |   0.0
            +---------+---------+-------+---------+---------+-------
        D:1 |      20 |       0 |   0.0 |       9 |       0 |   0.0
            +---------+---------+-------+---------+---------+-------
